 Dungeon Crawl Stone Soup version 0.25-a0-310-g60f0ac2d9a (webtiles) character file.

Game seed: 16704750581856128173, levelgen mode: deterministic

1479 ANON1729 the Digger (level 8, -9/54 HPs)
             Began as an Octopode Earth Elementalist on Dec 23, 2019.
             Mangled by Duvessa
             ... wielding a cursed -1 short sword
              (18 damage)
             ... on level 6 of the Dungeon.
             The game lasted 00:12:18 (6985 turns).

ANON1729 the Digger (Octopode Earth Elementalist)   Turns: 6985, Time: 00:12:19

Health: -9/54      AC:  1    Str: 12    XL:     8   Next: 79%
Magic:  14/14      EV: 18    Int: 23    God:
Gold:   312        SH:  0    Dex: 12    Spells: 8/15 levels left

rFire    . . .     SeeInvis .   v - +0 dagger
rCold    . . .     Gourm    .   (no shield)
rNeg     . . .     Faith    .   (helmet restricted)
rPois    .         Spirit   .   (no amulet)
rElec    .         Reflect  .   l - +3 ring of evasion
rCorr    .         Harm     .   u - ring of the King {Str+4 Int+4}
MR       .....                  (no ring)
Stlth    ++++......             (no ring)
HPRegen  0.18/turn              (no ring)
MPRegen  0.14/turn              (no ring)
                                (no ring)
                                (no ring)

@: no status effects
A: almost no armour, stealthy swim, amphibious, 8 rings, constrict 8, camouflage
1, gelatinous body 1
a: no special abilities


You were on level 6 of the Dungeon.
You were not hungry.

You visited 2 branches of the dungeon, and saw 7 of its levels.

You collected 312 gold pieces.

Inventory:

Hand Weapons
 g - a +0 dagger
 v - a +0 dagger (weapon)
Missiles
 b - 103 stones (quivered)
Jewellery
 l - a +3 ring of evasion (left tentacle)
 u - the ring of the King (right tentacle) {Str+4 Int+4}
   (You found it on level 5 of the Dungeon)

   [ring of strength]

   It affects your strength (+4).
   It affects your intelligence (+4).
Wands
 n - a wand of polymorph (9)
 p - a wand of disintegration (17)
 y - a wand of flame (20)
Scrolls
 d - 2 scrolls of remove curse
 e - 3 scrolls of identify {unknown}
 f - 4 scrolls of teleportation {unknown}
 i - 2 scrolls of blinking {unknown}
 j - 2 scrolls of enchant armour {unknown}
 k - 3 scrolls of enchant weapon {unknown}
 m - 2 scrolls of fog {unknown}
 q - a scroll of random uselessness {unknown}
 r - a scroll of amnesia {unknown}
 t - a scroll of magic mapping {unknown}
Potions
 a - 3 potions of curing
 h - a potion of haste {unknown}
 o - 2 potions of brilliance {unknown}
 s - a potion of flight {unknown}
 w - a potion of agility {unknown}
 z - a potion of degeneration {unknown}
 A - 2 potions of might {unknown}
Comestibles
 c - 12 rations


   Skills:
 + Level 3.7 Fighting
 + Level 4.2 Dodging
 + Level 6.3 Stealth
 + Level 3.6 Unarmed Combat
 + Level 4.1 Spellcasting
 - Level 1.0 Transmutations
 * Level 6.4 Earth Magic


You had 8 spell levels left.
You knew the following spells:

 Your Spells              Type           Power        Failure   Level  Hunger
a - Sandblast             Erth           ####..       1%          1    None
b - Passwall              Tmut/Erth      ###.....     3%          2    #......
c - Petrify               Tmut/Erth      ###.....     22%         4    ####...

Your spell library contained the following spells:

 Spells                   Type           Power        Failure   Level  Hunger
 Stone Arrow              Conj/Erth      ###...       9%          3    ##.....
 Lee's Rapid Deconstruct  Erth           ####......   21%         5    ######.


Dungeon Overview and Level Annotations

Branches:
Dungeon (6/15)             Temple (1/1) D:4

Altars:
Ashenzari
Cheibriados
Dithmenos
Elyvilon
Fedhas
Gozag
Hepliaklqana
Kikubaaqudgha
Makhleb
Nemelex Xobeh
Okawaru
Qazlal
Ru
Sif Muna
Trog
Uskayaw
Vehumet
Wu Jian
Xom
Yredelemnul
Zin
The Shining One

Shops:
D:5 [

Annotations:
D:6 Duvessa


Innate Abilities, Weirdness & Mutations

You cannot wear most types of armour.
You are very stealthy in the water. (Stealth+)
You are amphibious.
You can wear up to eight rings at the same time.
You can use your tentacles to constrict eight enemies at once.
Your skin changes colour to match your surroundings (Stealth+).
Your rubbery body absorbs attacks. (AC +1, EV +1)


Message History

The puff of flame misses you. Duvessa barely misses you.
You hit Dowan. You squeeze Dowan, but do no damage.
Dowan is severely wounded.
You constrict Dowan. Dowan hits you with a cursed -3 dagger.
Duvessa completely misses you.
You hit Dowan.
You kill Dowan!
Duvessa screams, "No!
How DARE you!"
Duvessa goes berserk!
Duvessa hits you with a cursed -1 short sword!
Duvessa is nearby!
Okay, then.
Unknown command.
You hear a shout!
Duvessa hits you with a cursed -1 short sword!
* * * LOW HITPOINT WARNING * * *
You see here a leopard gecko corpse.
You feel better.
Duvessa hits you with a cursed -1 short sword!!
You die...

..........#........#..
..........#........###
..........#........#
#########.#........# #
.#........# ###.
.#........###
#....########.......†...
#....)e.....#.....[.....
#.....#@................
###.#.#..%....######....
# #.#.......# #....
#.#.......# #....
#.#####.### #.... #. #.#
####+ #. ..# ####### ..#
....... .######


You could see Duvessa (berserk).

Vanquished Creatures
  Edmund (D:6)
  An ice beast (D:6)
  4 ogres
  2 centaurs (D:4)
  A bullfrog (D:6)
  Dowan (D:6)
  A scorpion (D:4)
  A howler monkey (D:4)
  A bullfrog zombie (D:5)
  4 hounds
  A centaur skeleton (D:4)
  3 orc priests
  4 orc wizards
  2 worker ants
  A hound zombie (D:6)
  4 adders
  A shadow imp (D:6)
  An ooze (D:1)
  An adder skeleton (D:5)
  A worm (D:3)
  2 leopard geckos
  13 orcs
  5 bats
  2 giant cockroaches (D:3)
  9 goblins
  5 hobgoblins
  10 jackals
  A kobold (D:2)
  5 quokkas
  A ball python (D:1)
  2 frilled lizards (D:1)
  11 rats
102 creatures vanquished.

Notes
Turn   | Place    | Note
-------+----------+-------------------------------------------
     0 | D:1      | ANON1729 the Octopode Earth Elementalist began the quest
                  | for the Orb.
     0 | D:1      | Reached XP level 1. HP: 11/11 MP: 3/3
   144 | D:1      | Reached XP level 2. HP: 18/18 MP: 5/5
   671 | D:2      | Reached XP level 3. HP: 20/22 MP: 6/6
   850 | D:2      | Reached skill level 1 in Fighting
  1578 | D:3      | Reached XP level 4. HP: 20/28 MP: 7/7
  1756 | D:3      | Reached skill level 1 in Unarmed Combat
  2686 | D:4      | Found a staircase to the Ecumenical Temple.
  2693 | Temple   | Entered the Ecumenical Temple
  2805 | D:4      | Noticed a centaur
  2936 | D:4      | Reached XP level 5. HP: 26/33 MP: 5/8
  3065 | D:4      | Noticed an ogre
  3065 | D:4      | Noticed a centaur
  3071 | D:4      | Killed an ogre
  3074 | D:4      | Reached XP level 6. HP: 26/39 MP: 1/9
  3523 | D:4      | Reached XP level 7. HP: 9/45 MP: 6/11
  3528 | D:4      | Reached skill level 5 in Earth Magic
  4230 | D:4      | Reached skill level 5 in Stealth
  4407 | D:4      | Learned a level 2 spell: Passwall
  4412 | D:4      | Learned a level 4 spell: Petrify
  4577 | D:4      | Found a blossoming altar of Fedhas.
  4789 | D:5      | Entered Level 5 of the Dungeon
  4791 | D:5      | Found a snail-covered altar of Cheibriados.
  4823 | D:5      | Got a steaming tin ring
  5071 | D:5      | Found a stormy altar of Qazlal.
  5130 | D:5      | Found a shimmering altar of Xom.
  5131 | D:5      | Found a hazy altar of Hepliaklqana.
  5131 | D:5      | Noticed a tentacled monstrosity
  5132 | D:5      | Noticed a spectral ugly thing
  5132 | D:5      | Noticed a tentacled monstrosity
  5190 | D:5      | Found Mexediz's Armour Shop.
  5489 | D:5      | Reached XP level 8. HP: 47/52 MP: 7/13
  5957 | D:6      | Noticed Edmund
  6091 | D:6      | Identified the ring of the King {Str+4 Int+4} (You found it
                  | on level 5 of the Dungeon)
  6348 | D:6      | Found a radiant altar of Vehumet.
  6377 | D:6      | Killed Edmund
  6711 | D:6      | Found a shattered altar of Ashenzari.
  6711 | D:6      | Found a shimmering blue altar of Sif Muna.
  6973 | D:6      | Noticed Dowan
  6975 | D:6      | Noticed Duvessa
  6983 | D:6      | Killed Dowan
  6985 | D:6      | Mangled by Duvessa

Levels and vault maps discovered:
D:1:      kilobyte_arrival_exit_the_forest, layout_rooms, minivault_23,
          hex_medium, grunt_decor_one_mirror, lemuel_flame_loot_1
D:2:      layout_basic, first_ration
D:3:      layout_rooms
D:4:      cheibrodos_helix_gallery, layout_basic, fedhas_altar_1,
          minmay_temple_entry_junction
D:5:      layout_basic, regret_index_temple_of_mockery,
          nicolae_qazlal_general_emergency, cheibriados_altar_1, serial_shops,
          nicolae_shop_waterfront, corexii_item_surrounded_by_moat,
          moated_statue
D:6:      layout_basic, amethyst_overflow_temple_binary, vehumet_altar_wand_db,
          uniq_duvessa, uniq_edmund, uniq_grinder
Temple:   zaba_magenta_temple

Skill      XL: |  1  2  3  4  5  6  7  8 |
---------------+-------------------------+-----
Stealth        | 3 4 5 6 |  6.3
Fighting       | 1 2 3 |  3.7
Unarmed Combat | 1 2 3 |  3.6
Earth Magic    | 4 5 6 |  6.4
Dodging        | 3 4 |  4.2
Spellcasting   | 3 4 |  4.1
Transmutations | |  1.0

Action                   |  1- 3 |  4- 6 |  7- 9 || total
-------------------------+-------+-------+-------++-------
Melee: Unarmed           |   116 |    72 |    87 ||   275
       Constrict         |    34 |    17 |    30 ||    81
       Tentacles         |    16 |    11 |    36 ||    63
       Punch             |       |       |     2 ||     2
       Dagger            |       |       |    47 ||    47
 Cast: Sandblast         |     6 |    24 |    29 ||    59
       Petrify           |       |       |     2 ||     2
  Use: Potion            |       |     1 |     1 ||     2
       Scroll            |       |     1 |       ||     1
 Stab: Sleeping          |     7 |     7 |     6 ||    20
       Petrified         |       |       |    10 ||    10
  Eat: Chunk             |     1 |     7 |     8 ||    16
       Ration            |       |       |     1 ||     1
Armor: Skin              |    11 |     4 |     6 ||    21
Dodge: Dodged            |    81 |    77 |   114 ||   272

Table legend:
 A = Non-vault XP
 B = Vault XP
 C = Vault XP percentage of total XP
 D = Non-vault monster count
 E = Vault monster count
 F = Vault count percentage of total count
                 A         B        C        D         E       F
            +---------+---------+-------+---------+---------+-------
      Total |    1709 |     404 |  19.1 |      97 |       5 |   4.9
            +---------+---------+-------+---------+---------+-------
        D:1 |      31 |       0 |   0.0 |      18 |       0 |   0.0
        D:2 |      46 |       0 |   0.0 |      19 |       0 |   0.0
        D:3 |      83 |       0 |   0.0 |      16 |       0 |   0.0
        D:4 |     533 |     175 |  24.7 |       9 |       2 |  18.2
        D:5 |     525 |       0 |   0.0 |      22 |       0 |   0.0
        D:6 |     491 |     229 |  31.8 |      13 |       3 |  18.8
            +---------+---------+-------+---------+---------+-------
